 Dungeon Crawl Stone Soup version 0.29-a0-284-gf9362112df (webtiles) character file.

Game seed: 2801125807024300947

9 siradein the Magician (level 2, -2/22 HPs)
             Began as a Djinni Necromancer on Mar 23, 2022.
             Slain by an endoplasm (3 damage)
             ... on level 1 of the Dungeon.
             The game lasted 00:00:38 (710 turns).

siradein the Magician (Djinni Necromancer)           Turns: 710, Time: 00:00:39

Health: -2/22      AC:  2    Str:  7    XL:     2   Next: 25%
Gold:   45         EV: 12    Int: 16    God:
                   SH:  0    Dex: 13

rFire   + + .      SeeInvis .   (no weapon)
rCold   x . .      Faith    .   (no shield)
rNeg    . . .      Spirit   .   a - +0 robe
rPois   ∞          Reflect  .   (no helmet)
rElec   .          Harm     .   (no cloak)
rCorr   .          Rampage  .   (no gloves)
Will    +....                   (boots unavailable)
Stlth   ++........              (no amulet)
HPRegen 0.07/turn               c - ring of willpower
MPRegen 0.00/turn               (no ring)

@: flying
A: sickness immunity, fire resistance 2, cold vulnerability 1, float, innate
caster, HP casting, extra vitality 1
a: no special abilities


You were on level 1 of the Dungeon.
You visited 1 branch of the dungeon, and saw 1 of its levels.

You collected 45 gold pieces.

Inventory:

Armour
 a - a +0 robe (worn)
Jewellery
 c - a ring of willpower (left hand)
Scrolls
 d - a scroll of identify {unknown}
 f - a scroll of immolation {unknown}
Potions
 b - a potion of brilliance {unknown}
 e - a potion of invisibility {unknown}


   Skills:
 + Level 0.6 Fighting
 + Level 2.4 Dodging
 - Level 1.5 Stealth
 * Level 3.4 Spellcasting


You couldn't memorise any spells.
You knew the following spells:

 Your Spells              Type           Power      Damage    Failure   Level
a - Pain                  Necr           52%        1d6       4%          1
b - Animate Skeleton      Necr           26%        N/A       4%          1
c - Vampiric Draining     Necr           13%        2d6       13%         3
d - Animate Dead          Necr           6%         N/A       41%         4
e - Agony                 Necr           13%        N/A       77%         5
Your spell library was empty.

Dungeon Overview and Level Annotations

Branches:
Dungeon (1/15)

Altars:


Innate Abilities, Weirdness & Mutations

You are immune to sickness and miasma.
You are immune to poison.
Your flesh is very heat resistant. (rF++)
You are vulnerable to cold. (rC-)
You float through the air rather than walking.
You learn spells naturally, not from books.
Your magical power is your life essence.
You have superior vitality. (+4 MHP)


Message History

A dart slug is nearby!
The dart slug launches a dart at you. The slug dart misses you.
You hit the dart slug but do no damage.
The dart slug is heavily wounded.
Casting: Pain (safe; 4% risk of failure)
Confirm with . or Enter, or press ? or * to list all spells.
Aiming: Pain (safe; 4% risk of failure)
Press: ? - help, Shift-Dir - straight line, f/p - dart slug
Aim: a dart slug (heavily wounded, chance to affect: 83%)
The dart slug writhes in agony.
The dart slug bites you but does no damage.
Unknown command.
Casting: Pain (safe; 4% risk of failure)
Confirm with . or Enter, or press ? or * to list all spells.
Aiming: Pain (safe; 4% risk of failure)
Press: ? - help, Shift-Dir - straight line, f/p - dart slug
Aim: a dart slug (almost dead, chance to affect: 83%)
The dart slug writhes in agony.
You kill the dart slug!
* * * LOW HITPOINT WARNING * * *
Unknown command.
Casting: Pain (safe; 4% risk of failure)
Confirm with . or Enter, or press ? or * to list all spells.
Aiming: Pain (safe; 4% risk of failure)
Press: ? - help, Shift-Dir - straight line, f - endoplasm
Aim: an endoplasm (chance to affect: 83%)
The endoplasm writhes in agony.
* * * LOW HITPOINT WARNING * * *
The endoplasm hits you but does no damage.
Unknown command.
Casting: Pain (safe; 4% risk of failure)
Confirm with . or Enter, or press ? or * to list all spells.
Aiming: Pain (safe; 4% risk of failure)
Press: ? - help, Shift-Dir - straight line, f/p - endoplasm
Aim: an endoplasm (heavily wounded, chance to affect: 83%)
The endoplasm barely resists.
* * * LOW HITPOINT WARNING * * *
The endoplasm hits you.
You die...

♣.. #.#### #≈P≈P≈≈..# #.#
## P≈≈≈≈♣≈P.## #.###.
.P≈≈≈≈.P..# #.....
.≈≈≈≈.≈...# #######.###.
.≈≈≈≈w..#.# #.......# ##
..≈≈≈≈≈P#.# #.#####.# #
.≈J≈≈≈..#.# #.# #.#
.≈≈≈♣≈P.#@### #.# #^#
.P≈≈≈...J...###.#####.#
..♣.P..............##.####
#####.#.#.######.##.....
#.#.#.# #.####### #.#.#.#
#.#...... ....#.#
#...##### ..###.# #####
..#####.##


You could see an endoplasm.

Vanquished Creatures
  A dart slug (D:1)
  An endoplasm (D:1)
  A giant cockroach (D:1)
  A goblin (D:1)
  A hobgoblin (D:1)
  A ball python (D:1)
  A kobold (D:1)
7 creatures vanquished.

Notes
Turn   | Place    | Note
-------+----------+-------------------------------------------
     0 | D:1      | siradein the Djinni Necromancer began the quest for the
                  | Orb.
     0 | D:1      | Reached XP level 1. HP: 15/15 MP: 0/0
   696 | D:1      | Reached XP level 2. HP: 14/22 MP: 0/0
   710 | D:1      | Slain by an endoplasm

Illustrated notes

Levels and vault maps discovered:
D:1:      lemuel_arrival_lava_pool, layout_loops_ring, serial_bayou,
          serial_bayou_pond_b, serial_bayou_shore_b, serial_bayou_ford_a,
          serial_bayou_lagoon_b, hellmonk_ecumenical_altar_run_dry

Action                   || total
-------------------------++-------
Melee: Unarmed           ||     1
 Cast: Pain              ||    19
Armor: Robe              ||     3
Dodge: Dodged            ||     1

Table legend: (Time is in decaauts)
 A = Elapsed time spent in this place.
 B = Non-inter-level travel time spent in this place.
 C = Inter-level travel time spent in this place.
 D = Time resting spent in this place.
 E = Time spent auto-exploring this place.
 F = Levels seen in this place.
 G = Mean time per level.
                   A        B        C        D        E       F      G
               +--------+--------+--------+--------+--------+-----+--------+
         Total |    709 |    709 |      0 |      6 |    654 |   1 |  709.0 |
       Dungeon |    709 |    709 |      0 |      6 |    654 |   1 |  709.0 |
               +--------+--------+--------+--------+--------+-----+--------+

Top non-repeatable levels by time:
     D:1: 709 daAuts
